 Dungeon Crawl Stone Soup version 0.25.1-2-g60ff931df9 (webtiles) character file.

Game seed: 17108821738872573050

462 Erymatos the Chopper (level 6, 0/84 HPs)
             Began as a Minotaur Berserker on Nov 12, 2020.
             Was a Priest of Trog.
             Slain by Pikel
             ... wielding a +0 whip of flaming
              (3 damage)
             ... on level 4 of the Dungeon.
             The game lasted 00:03:22 (3174 turns).

Erymatos the Chopper (Minotaur Berserker)           Turns: 3174, Time: 00:03:22

Health: 0/84       AC:  2    Str: 22    XL:     6   Next: 79%
Magic:  5/5        EV: 13    Int:  4    God:    Trog [***...]
Gold:   142        SH:  0    Dex: 11    Spells: 5/5 levels left

rFire    . . .     SeeInvis .   a - +0 hand axe
rCold    . . .     Gourm    .   (no shield)
rNeg     . . .     Faith    .   b - +0 animal skin
rPois    .         Spirit   .   (helmet restricted)
rElec    .         Reflect  .   (no cloak)
rCorr    .         Harm     .   (no gloves)
MR       .....                  (no boots)
Stlth    ..........             (no amulet)
HPRegen  0.24/turn              d - ring of stealth
MPRegen  0.09/turn              (no ring)

@: berserking (expiring), very quick
A: retaliatory headbutt, horns 2
a: Berserk, Trog's Hand, Renounce Religion


You were on level 4 of the Dungeon.
You worshipped Trog.
Trog was most pleased with you.
You were near starving.

You visited 1 branch of the dungeon, and saw 4 of its levels.

You collected 142 gold pieces.

Inventory:

Hand Weapons
 a - a +0 hand axe (weapon)
Armour
 b - a +0 animal skin (worn)
Jewellery
 d - a ring of stealth (left hand)
 f - an uncursed ring of protection from magic {unknown}
Wands
 x - a wand of polymorph (6)
Scrolls
 e - 6 scrolls of identify {unknown}
 g - a scroll of enchant armour {unknown}
 n - 2 scrolls of remove curse {unknown}
 o - a scroll of fog {unknown}
 p - 4 scrolls of noise {unknown}
 s - a scroll of fear {unknown}
 v - a scroll of teleportation {unknown}
 w - a scroll of enchant weapon {unknown}
Potions
 h - a potion of heal wounds {unknown}
 i - a potion of resistance {unknown}
 j - a potion of degeneration {unknown}
 k - 2 potions of stabbing {unknown}
 l - 2 potions of haste {unknown}
 m - a potion of curing {unknown}
 q - a potion of cancellation {unknown}
 r - a potion of might {unknown}
 t - 2 potions of ambrosia {unknown}
Comestibles
 c - 5 rations


   Skills:
 + Level 5.4 Fighting
 + Level 6.6 Axes
 + Level 2.6 Armour
 + Level 3.7 Dodging
 + Level 2.4 Stealth


You had 5 spell levels left.
You didn't know any spells.
Your spell library was empty.

Dungeon Overview and Level Annotations

Branches:
Dungeon (4/15)
 Temple: D:4-7

Altars:
Cheibriados

Annotations:
D:4 Pikel, Robin


Innate Abilities, Weirdness & Mutations

You reflexively headbutt those who attack you in melee.
You have a pair of horns on your head.


Message History

Pikel is lightly wounded.
You hit the slave. Pikel barely misses you.
Unknown command.
You slash Pikel! Your headbutt misses Pikel.
Pikel is heavily wounded.
You miss the slave. The slave hits you.
* * * LOW HITPOINT WARNING * * *
Unknown command.
You slash Pikel! Your headbutt misses Pikel.
Pikel is almost dead.
You barely miss the slave. Pikel barely misses you. The slave hits you.
* * * LOW HITPOINT WARNING * * *
Unknown command.
You completely miss Pikel. You headbutt Pikel, but do no damage.
Pikel is almost dead.
You slash the slave!
You kill the slave!
That felt strangely unrewarding.
Pikel hits you with a +0 whip of flaming.
You die...

###..## .g...........#
#. ......#
g...........# #.
......## gg.........#
## ...(...# ..........#
# .......# ........
#### .......## .g...
####... ........# #gg#
##...... ........##
#Kp# #.......
.).......#######@##
#.......
.)...............#
#.......
.))...<..........#
#.......
.................#
##......
....######.......##
#..>... ..###
#####.((.# ##.....
#..## ###..# ### #.....
##..## ####..###.##
##.... ##..####
###....#.....#######...


You could see Pikel, a slave, Robin and 2 hobgoblins.

Vanquished Creatures
  3 slaves (D:4)
  A hound (D:4)
  A centaur skeleton (D:4)
  2 orc priests
  4 orc wizards
  A bullfrog skeleton (D:4)
  An iguana (D:4)
  A worker ant (D:4)
  6 adders
  An ooze (D:4)
  A worm (D:2)
  3 dart slugs
  2 leopard geckos (D:3)
  13 orcs
  12 bats
  3 giant cockroaches
  10 goblins
  10 hobgoblins
  3 jackals (D:1)
  2 frilled lizards
  A giant cockroach zombie (D:3)
  6 kobolds
  3 rats
90 creatures vanquished.

Notes
Turn   | Place    | Note
-------+----------+-------------------------------------------
     0 | D:1      | Erymatos the Minotaur Berserker began the quest for the
                  | Orb.
     0 | D:1      | Reached XP level 1. HP: 19/19 MP: 0/0
   191 | D:1      | Reached XP level 2. HP: 27/27 MP: 1/1
   388 | D:1      | Reached skill level 4 in Axes
   727 | D:2      | Reached XP level 3. HP: 33/33 MP: 2/2
   907 | D:2      | Reached ** piety under Trog
  1079 | D:2      | Found a snail-covered altar of Cheibriados.
  1385 | D:3      | Reached skill level 1 in Stealth
  1385 | D:3      | Reached XP level 4. HP: 30/41 MP: 3/3
  2121 | D:3      | Reached skill level 5 in Axes
  2121 | D:3      | Reached XP level 5. HP: 40/47 MP: 4/4
  2518 | D:4      | Reached skill level 5 in Fighting
  2518 | D:4      | Reached XP level 6. HP: 56/56 MP: 5/5
  2521 | D:4      | Reached *** piety under Trog
  2696 | D:4      | Reached skill level 6 in Axes
  3141 | D:4      | Noticed Robin
  3147 | D:4      | Noticed a slave
  3148 | D:4      | Noticed a slave
  3149 | D:4      | Noticed a slave
  3150 | D:4      | Noticed Pikel
  3152 | D:4      | Noticed a slave
  3159 | D:4      | Killed a slave
  3166 | D:4      | Killed a slave
  3173 | D:4      | HP: 3/84 [slave[Pikel] (6)]
  3174 | D:4      | Killed a slave
  3174 | D:4      | Slain by Pikel

Illustrated notes

Levels and vault maps discovered:
D:1:      dpeg_arrival_pits, layout_basic
D:2:      layout_basic, lemuel_coloured_pillars_altar, first_ration,
          serial_curves, eino_curves_03, eino_curves_04, grunt_decor_fettered
D:3:      layout_loops_ring, st_stairs_13
D:4:      layout_cave_pods, uniq_robin, uniq_pikel

Skill      XL: |  1  2  3  4  5  6 |
---------------+-------------------+-----
Axes           | 4 5 6 |  6.6
Fighting       | 4 5 |  5.4
Stealth        | 1 2 |  2.4
Dodging        | 3 |  3.7
Armour         | |  2.6

Action                   |  1- 3 |  4- 6 || total
-------------------------+-------+-------++-------
Melee: Hand axe          |    61 |   106 ||   167
       Headbutt          |    12 |    15 ||    27
Invok: Berserk           |       |     4 ||     4
 Stab: Sleeping          |     6 |     2 ||     8
  Eat: Chunk             |     1 |     8 ||     9
Armor: Animal skin       |    18 |    10 ||    28
Dodge: Dodged            |    41 |    69 ||   110
